 Dungeon Sprint DCSS version 0.30-a0-989-g0d87f670db (webtiles) character file.

Game seed: 14993356067402007260

1945 fozzywoppz the Fighter (level 8, 0/73 HPs)
             Began as a Demonspawn Monk on Apr 3, 2023.
             Was the Champion of Wu Jian.
             Slain by a shadow wraith (17 damage)
             ... in the Dungeon (Sprint VII: "The Pits").
             The game lasted 00:04:07 (726 turns).

fozzywoppz the Fighter (Demonspawn Monk)             Turns: 726, Time: 00:04:08

Health: 0/73       AC: 20    Str: 14    XL:     8   Next: 98%
Magic:  8/8        EV: 15    Int: 12    God:    Wu Jian [******]
Gold:   0          SH:  0    Dex: 15    Spells: 7/7 levels left

rFire   . . .      SeeInvis .      - Unarmed
rCold   . . .      Faith    .    (no shield)
rNeg    . . .      Spirit   .    p - +4 chain mail
rPois   .          Reflect  .    (no helmet)
rElec   .          Rampage  .    q - +0 cloak
rCorr   .          NoTele   +    (gloves unavailable)
Will    .....                    (no boots)
Stlth   +                        (no amulet)
HPRegen 0.32/turn                a - +3 ring of evasion
MPRegen 0.11/turn                n - +3 ring of evasion

@: sanguine armoured, hasted, very quick
A: demonic guardian 1, sanguine armour 1, demonic touch 3
a: Renounce Religion, Wall Jump, Serpent's Lash, Heavenly Storm


You were in the Dungeon.
You worshipped Wu Jian.
Wu Jian was exalted by your worship.
You visited 1 branch

Inventory:

Armour
 p - a +4 chain mail (worn)
 q - a +0 cloak (worn)
Jewellery
 a - a +3 ring of evasion (left hand)
 n - a +3 ring of evasion (right hand)
Scrolls
 h - a scroll of blinking
 j - 5 scrolls of amnesia
 k - a scroll of summoning
Potions
 b - a potion of ambrosia
 c - 7 potions of curing
 d - 6 potions of heal wounds
 e - a potion of haste
 f - 4 potions of magic
 g - 3 potions of berserk rage
 i - 2 potions of invisibility
 m - 2 potions of resistance
 o - 2 potions of mutation


   Skills:
 + Level 10.5 Fighting
 + Level 3.3 Armour
 + Level 9.6 Dodging
 - Level 10.0 Stealth
 + Level 9.7 Unarmed Combat


You had 7 spell levels left.
You didn't know any spells.
Your spell library was empty.

Dungeon Overview and Level Annotations

Branches:
Dungeon (1/1)

Altars:
Ashenzari
Cheibriados
Dithmenos
Fedhas
Gozag
Hepliaklqana
Kikubaaqudgha
Makhleb
Nemelex Xobeh
Okawaru
Qazlal
Ru
Sif Muna
Trog
Uskayaw
Vehumet
Wu Jian
Xom
Yredelemnul
Jiyva
Lugonu

Annotations:
D Sigmund


Innate Abilities, Weirdness & Mutations

A weak demonic guardian rushes to your aid.
When seriously injured, your blood forms armour. (AC +6)
Your touch may irresistibly damage your foes and sap their willpower.


Message History

Your Armour skill increases to level 3!
Your Stealth skill increases to level 10!
Unknown command.
You see here a black mamba corpse.
Things that are here:
a +0 rapier; a +0 chain mail; an elf corpse You start resting.
Your blood armour dries and flakes away.
There is a huge open gate to the Metal Vault (Medium) here.
There is a huge open gate to the Metal Vault (Medium) here.
You start resting.
HP restored.
As you open the large door, it creaks loudly!
Sigmund and a phantasmal warrior come into view.
Sigmund is wielding a +1 scythe of freezing and carrying a wand of roots (11).
Sigmund shouts!
Sigmund casts a spell at you. You resist with some effort.
The phantasmal warrior gestures at you.
The phantasmal warrior blinks!
An ice beast comes into view.
There is a large open door here.
You hit the phantasmal warrior but do no damage.
You touch the phantasmal warrior!!
You sap its willpower!
The phantasmal warrior is moderately damaged.
You hit the phantasmal warrior.
The phantasmal warrior is heavily damaged.
Deactivating autopickup; reactivate with Ctrl-A.
You hit something but do no damage. Your touch misses something.
The phantasmal warrior hits you!!
Your blood congeals into armour.
An iguana comes into view.
Sigmund gestures wildly while chanting.
Sigmund flickers and vanishes!
Something hits you.
Unknown command.
You feel yourself speed up.
A goblin comes into view. It is wielding a +0 dagger.
The phantasmal warrior hits you!!
* * * LOW HITPOINT WARNING * * *
Something hits you!
You die...

.#..##....)...........#
.'.)#####'#####''######
##)###.......##''#####
....##.......##......+
....##.......##......+
'#####...<...##.....##
))..##.......##...###
))[.##.......##..##
######.......##'@#
.#..###########.W{...{g.
.#รท############++#...#.l
.#)#....#...[# #.....
.#'#....#...[# ##...
.#.'....'..))# ..
.#'#....#[.))# .
.')#....#..))#
##############


You could see a phantasmal warrior (weak-willed), an iguana and a goblin
(wandering).

Vanquished Creatures
  A bog body (D)
  A deep elf zephyrmancer (D)
  A black mamba (D)
  A flying skull (D)
  A wyvern (D)
  A basilisk (D)
  2 ice beasts (D)
  A phantom (D)
  An iguana (D)
  A gnoll (D)
  A worm (D)
  An orc (D)
  2 endoplasms (D)
  A giant cockroach (D)
  3 goblins (D)
  A quokka (D)
  2 ball pythons (D)
  3 bats (D)
  A frilled lizard (D)
  A quokka skeleton (D)
27 creatures vanquished.

Notes
Turn   | Place    | Note
-------+----------+-------------------------------------------
     0 | D        | fozzywoppz the Demonspawn Monk began the quest for the Orb.
     0 | D        | Reached XP level 1. HP: 18/18 MP: 1/1
    40 | D        | Found a bloodstained altar of Trog.
    40 | D        | Found a shimmering blue altar of Sif Muna.
    40 | D        | Found a viscous altar of Jiyva.
    40 | D        | Found a hazy altar of Hepliaklqana.
    40 | D        | Found an opulent altar of Gozag.
    41 | D        | Found a basalt altar of Yredelemnul.
    41 | D        | Found a shimmering altar of Xom.
    41 | D        | Found an ornate altar of the Wu Jian Council.
    41 | D        | Found a sacrificial altar of Ru.
    41 | D        | Found a stormy altar of Qazlal.
    41 | D        | Found an iron altar of Okawaru.
    41 | D        | Found a sparkling altar of Nemelex Xobeh.
    41 | D        | Found a burning altar of Makhleb.
    41 | D        | Found a blossoming altar of Fedhas.
    41 | D        | Found a shadowy altar of Dithmenos.
    41 | D        | Found a snail-covered altar of Cheibriados.
    42 | D        | Found a radiant altar of Vehumet.
    42 | D        | Found a corrupted altar of Lugonu.
    43 | D        | Found an ancient bone altar of Kikubaaqudgha.
    43 | D        | Found a hide-covered altar of Uskayaw.
    43 | D        | Found a broken altar of Ashenzari.
    49 | D        | Became a worshipper of the Wu Jian Council
    49 | D        | Reached * piety under Wu Jian
    49 | D        | Reached ** piety under Wu Jian
    80 | D        | Reached *** piety under Wu Jian
    82 | D        | Noticed an ice beast
    94 | D        | Gained mutation: Your touch may inflict minor irresistible
                  | damage on your foes. [demonic ancestry]
    94 | D        | Reached XP level 2. HP: 19/25 MP: 2/2
   101 | D        | Killed an ice beast
   101 | D        | Reached **** piety under Wu Jian
   102 | D        | Reached skill level 5 in Fighting
   102 | D        | Reached skill level 5 in Dodging
   102 | D        | Reached skill level 5 in Unarmed Combat
   102 | D        | Gained mutation: Your touch may inflict irresistible damage
                  | on your foes. [demonic ancestry]
   102 | D        | Reached XP level 3. HP: 28/33 MP: 3/3
   102 | D        | Reached XP level 4. HP: 33/39 MP: 4/4
   209 | D        | Noticed a phantom
   220 | D        | Killed a phantom
   220 | D        | Reached ***** piety under Wu Jian
   221 | D        | Reached skill level 5 in Stealth
   221 | D        | Gained mutation: When seriously injured, your blood forms
                  | armour. (AC +6) [demonic ancestry]
   221 | D        | Reached XP level 5. HP: 37/47 MP: 5/5
   222 | D        | Noticed an ice beast
   229 | D        | Killed an ice beast
   230 | D        | Gained mutation: Your touch may irresistibly damage your
                  | foes and sap their willpower. [demonic ancestry]
   230 | D        | Reached XP level 6. HP: 46/55 MP: 6/6
   271 | D        | Noticed a wyvern
   273 | D        | Killed a wyvern
   275 | D        | Noticed a flying skull
   283 | D        | Killed a flying skull
   284 | D        | Reached XP level 7. HP: 31/63 MP: 7/7
   391 | D        | Noticed a basilisk
   391 | D        | Noticed a bog body
   422 | D        | Killed a bog body
   423 | D        | Gained mutation: A weak demonic guardian rushes to your
                  | aid. [demonic ancestry]
   423 | D        | Reached XP level 8. HP: 66/71 MP: 8/8
   436 | D        | Reached ****** piety under Wu Jian
   560 | D        | Noticed a black mamba
   560 | D        | Noticed a deep elf zephyrmancer
   580 | D        | Killed a deep elf zephyrmancer
   581 | D        | Reached skill level 10 in Fighting
   590 | D        | Killed a black mamba
   591 | D        | Reached skill level 10 in Stealth
   722 | D        | Noticed Sigmund
   722 | D        | Noticed a phantasmal warrior
   726 | D        | Slain by a shadow wraith

Illustrated notes

Levels and vault maps discovered:
D:        pitsprint [storerooms_1, entrance_room_1, metal_vault_4, armoury_1,
          mini_pit_1, grid_room_1, main_hall_1, silver_pit, the_coven_2,
          the_vestibule_1, steel_vault_2, golden_pit, hallway_of_sentries,
          crystal_vault_4, iron_vault_4, final_vault]

Skill      XL: |  1  2  3  4  5  6  7  8 |
---------------+-------------------------+-----
Stealth        | 2 4 5 6 7 9 10 | 10.0
Dodging        | 3 5 6 7 8 9 |  9.6
Unarmed Combat | 3 5 6 7 8 9 |  9.7
Fighting       | 5 6 7 8 9 10 | 10.5
Armour         | 3 |  3.3

Action                     |  1- 3 |  4- 6 |  7- 9 || total
---------------------------+-------+-------+-------++-------
  Melee: Unarmed           |    31 |    36 |    41 ||   108
         Touch             |     2 |     6 |     9 ||    17
         Punch             |       |     1 |     1 ||     2
Ability: Whirlwind         |     4 |     5 |     2 ||    11
         Lunge             |     2 |     4 |     1 ||     7
    Use: Potion            |       |       |     4 ||     4
   Stab: Sleeping          |     5 |     5 |       ||    10
 Armour: Robe              |     8 |       |       ||     8
         Ring mail         |       |     9 |     4 ||    13
         Chain mail        |       |       |    12 ||    12
  Dodge: Dodged            |    22 |     9 |    26 ||    57

Table legend: (Time is in decaauts)
 A = Elapsed time spent in this place.
 B = Non-inter-level travel time spent in this place.
 C = Inter-level travel time spent in this place.
 D = Time resting spent in this place.
 E = Time spent auto-exploring this place.
 F = Levels seen in this place.
 G = Mean time per level.
                   A        B        C        D        E       F      G
               +--------+--------+--------+--------+--------+-----+--------+
         Total |    765 |    765 |      0 |    296 |      0 |   1 |  765.0 |
       Dungeon |    765 |    765 |      0 |    296 |      0 |   1 |  765.0 |
               +--------+--------+--------+--------+--------+-----+--------+

Top non-repeatable levels by time:
       D: 765 daAuts
